TOP OF THE 1ST |
Kinston Eagles batting - Pitching for Lynchburg Hillcats : RHP Miguel Carrizales
|
Pitching: RHP Miguel Carrizales
|
|
Batting: SHB Ted Wilborn
|
0-0: Ball 1-0: Called Strike 1-1: Ground out 5-3 (Groundball, 56, EV 80.6 MPH)
|
Batting: RHB Brad Wellman
|
0-0: Ground out 3-1 (Groundball, 34, EV 88.1 MPH)
|
Batting: LHB Eric Peyton
|
0-0: Swinging Strike 0-1: Ball 1-1: Swinging Strike 1-2: Ball 2-2: Strikes out swinging
|
Top of the 1st over - 0 runs, 0 hits, 0 errors, 0 left on base; Kinston 0 - Lynchburg 0 |
BOTTOM OF THE 1ST |
Lynchburg Hillcats batting - Pitching for Kinston Eagles : RHP Jim Adamczak
|
Pitching: RHP Jim Adamczak
|
|
Batting: RHB Ronald Lee
|
0-0: Ball 1-0: Ball 2-0: Swinging Strike 2-1: Reached on error, E5 (Groundball, 56, EV 85.6 MPH)
|
Batting: RHB Russ Quetti
|
0-0: Called Strike 0-1: Ball 1-1: Ball 2-1: Ball 3-1: Swinging Strike 3-2: Foul Ball, location: 2F 3-2: Fly out, F3 (Popup, 3SF, EV 86.3 MPH)
|
Batting: RHB William Lajoie
|
0-0: Called Strike 0-1: Foul Ball, location: 2F 0-2: Foul Ball, location: 2F 0-2: Strikes out swinging
|
Batting: RHB Richard Witt
|
0-0: Called Strike 0-1: Called Strike 0-2: Ball 1-2: Ball 2-2: Foul Ball, location: 2F 2-2: Foul Ball, location: 2F 2-2: Ball 3-2: SINGLE (Line Drive, 3D, EV 96.9 MPH) Ronald Lee to second Ronald Lee to third
|
Batting: RHB Kenneth Tillman
|
0-0: Fly out, F9 (Flyball, 9D, EV 93.8 MPH)
|
Bottom of the 1st over - 0 runs, 1 hit, 1 error, 2 left on base; Kinston 0 - Lynchburg 0 |
TOP OF THE 2ND |
Kinston Eagles batting - Pitching for Lynchburg Hillcats : RHP Miguel Carrizales
|
Batting: LHB Monte McAbee
|
0-0: Ball 1-0: Called Strike 1-1: SOLO HOME RUN (Flyball, 9LD, EV 97.5 MPH), Distance : 370 ft
|
Batting: RHB Wil Culmer
|
0-0: Ground out 6-3 (Groundball, 6M, EV 107.5 MPH)
|
Batting: RHB Juan Perez
|
0-0: Ball 1-0: Swinging Strike 1-1: Ball 2-1: Fly out, F7 (Line Drive, 7, EV 110.6 MPH)
|
Batting: RHB Igor Roosendaal
|
0-0: Ball 1-0: Foul Ball, location: 2F 1-1: Ball 2-1: Fly out, F2 (Popup, 23F, EV 86.3 MPH)
|
Top of the 2nd over - 1 run, 1 hit, 0 errors, 0 left on base; Kinston 1 - Lynchburg 0 |
BOTTOM OF THE 2ND |
Lynchburg Hillcats batting - Pitching for Kinston Eagles : RHP Jim Adamczak
|
Batting: LHB Harold Warner
|
0-0: Ball 1-0: Fly out, F7 (Line Drive, 7, EV 85.0 MPH)
|
Batting: RHB Frederic Wade
|
0-0: SINGLE (Flyball, 8LS, EV 91.9 MPH)
|
Batting: LHB Eb MacDonald
|
0-0: Called Strike 0-1: Ball 1-1: Fly out, F9 (Flyball, 9S, EV 95.6 MPH)
|
Batting: RHB Felix Estrada
|
0-0: Called Strike 0-1: Ball 1-1: Ball 2-1: SINGLE (Line Drive, 9S, EV 105.6 MPH) Frederic Wade to second Runner from 2nd tries for 3rd, OUT! 9-5
|
Bottom of the 2nd over - 0 runs, 2 hits, 0 errors, 1 left on base; Kinston 1 - Lynchburg 0 |
TOP OF THE 3RD |
Kinston Eagles batting - Pitching for Lynchburg Hillcats : RHP Miguel Carrizales
|
Batting: RHB Guadalupe Garcia
|
0-0: Ball 1-0: Foul Ball, location: 2F 1-1: Ball 2-1: SINGLE (Groundball, 56S, EV 64.4 MPH) (infield hit)
|
Batting: RHB Joseph Williams
|
0-0: Swinging Strike 0-1: Ball 1-1: Foul Ball, location: 2F 1-2: Ball 2-2: Foul Ball, location: 2F 2-2: Foul Ball, location: 2F 2-2: Foul Ball, location: 2F 2-2: Ball 3-2: Reached on error, E3 (Groundball, 3L, EV 80.0 MPH) Guadalupe Garcia to second
|
Batting: SHB Ted Wilborn
|
0-0: Called Strike 0-1: Ball 1-1: Ball 2-1: SINGLE (Line Drive, 8LS, EV 95.6 MPH) Guadalupe Garcia to third Joseph Williams to second Runner from 3rd tries for Home, SAFE, throw by CF to home
|
Batting: RHB Brad Wellman
|
0-0: SINGLE (Line Drive, 9LS, EV 93.8 MPH) Joseph Williams to third Ted Wilborn to second Runner from 3rd tries for Home, SAFE, throw by RF to home
|
Batting: LHB Eric Peyton
|
0-0: Called Strike 0-1: Swinging Strike 0-2: Ground out U3 (Groundball, 3S, EV 61.9 MPH) Ted Wilborn to third Brad Wellman to second
|
Batting: LHB Monte McAbee
|
0-0: Called Strike 0-1: Foul Ball, location: 2F 0-2: Ground out 3-1 (Groundball, 34D, EV 84.4 MPH) Ted Wilborn scores Brad Wellman to third
|
Batting: RHB Wil Culmer
|
0-0: Ball 1-0: Ball 2-0: Foul Ball, location: 2F 2-1: Called Strike 2-2: Foul Ball, location: 2F 2-2: Strikes out swinging
|
Top of the 3rd over - 3 runs, 3 hits, 1 error, 1 left on base; Kinston 4 - Lynchburg 0 |
BOTTOM OF THE 3RD |
Lynchburg Hillcats batting - Pitching for Kinston Eagles : RHP Jim Adamczak
|
Batting: RHB Ronald Lee
|
0-0: Called Strike 0-1: Foul Ball, location: 2F 0-2: Fly out, F8 (Flyball, 8LD, EV 96.3 MPH)
|
Batting: RHB Russ Quetti
|
0-0: Ball 1-0: Ball 2-0: Called Strike 2-1: Ground out 4-3 (Groundball, 34, EV 90.0 MPH)
|
Batting: RHB William Lajoie
|
0-0: Called Strike 0-1: Foul Ball, location: 2F 0-2: Ball 1-2: Strikes out swinging
|
Bottom of the 3rd over - 0 runs, 0 hits, 0 errors, 0 left on base; Kinston 4 - Lynchburg 0 |
TOP OF THE 4TH |
Kinston Eagles batting - Pitching for Lynchburg Hillcats : RHP Miguel Carrizales
|
Batting: RHB Juan Perez
|
0-0: Fly out, F9 (Line Drive, 9D, EV 93.8 MPH)
|
Batting: RHB Igor Roosendaal
|
0-0: Called Strike 0-1: Called Strike 0-2: Ball 1-2: Ball 2-2: Fly out, F9 (Flyball, 9D, EV 99.4 MPH)
|
Batting: RHB Guadalupe Garcia
|
0-0: Ball 1-0: Fly out, F9 (Line Drive, 9, EV 110.6 MPH)
|
Top of the 4th over - 0 runs, 0 hits, 0 errors, 0 left on base; Kinston 4 - Lynchburg 0 |
BOTTOM OF THE 4TH |
Lynchburg Hillcats batting - Pitching for Kinston Eagles : RHP Jim Adamczak
|
Batting: RHB Richard Witt
|
0-0: Called Strike 0-1: Called Strike 0-2: Ball 1-2: Ball 2-2: Fly out, F9 (Flyball, 89S, EV 92.5 MPH)
|
Batting: RHB Kenneth Tillman
|
0-0: Fly out, F9 (Flyball, 9LD, EV 101.9 MPH)
|
Batting: LHB Harold Warner
|
0-0: Called Strike 0-1: Foul Ball, location: 2F 0-2: Fly out, F9 (Flyball, 9D, EV 100.0 MPH)
|
Bottom of the 4th over - 0 runs, 0 hits, 0 errors, 0 left on base; Kinston 4 - Lynchburg 0 |
TOP OF THE 5TH |
Kinston Eagles batting - Pitching for Lynchburg Hillcats : RHP Miguel Carrizales
|
Batting: RHB Joseph Williams
|
0-0: Ball 1-0: Called Strike 1-1: Ball 2-1: Ball 3-1: Called Strike 3-2: Base on Balls
|
Batting: SHB Ted Wilborn
|
0-0: Ball 1-0: Bunted foul 1-1: Bunt missed! 1-2: SINGLE (Groundball, 15S, EV 68.8 MPH) (infield hit) Joseph Williams to second
|
Batting: RHB Brad Wellman
|
0-0: Foul Ball, location: 2F 0-1: Fly out, F9 (Flyball, 9, EV 93.8 MPH)
|
Batting: LHB Eric Peyton
|
0-0: Ball 1-0: Called Strike 1-1: Ball 2-1: TRIPLE (Line Drive, 78XD, EV 105.0 MPH) Joseph Williams scores Ted Wilborn scores
|
Pitching: RHP Sheldon Andrews
|
|
Batting: LHB Monte McAbee
|
0-0: Foul Ball, location: 2F 0-1: Ball 1-1: Called Strike 1-2: Fly out, F8 (Flyball, 78D, EV 87.5 MPH) Runner from 3rd tags up, SCORES, no throw by CF
|
Batting: RHB Wil Culmer
|
0-0: Swinging Strike 0-1: Ball 1-1: Swinging Strike 1-2: Foul Ball, location: 2F 1-2: Ball 2-2: Ball 3-2: Strikes out swinging
|
Top of the 5th over - 3 runs, 2 hits, 0 errors, 0 left on base; Kinston 7 - Lynchburg 0 |
BOTTOM OF THE 5TH |
Lynchburg Hillcats batting - Pitching for Kinston Eagles : RHP Jim Adamczak
|
Batting: RHB Frederic Wade
|
0-0: Called Strike 0-1: Ball 1-1: Ball 2-1: Called Strike 2-2: Ball 3-2: Foul Ball, location: 2F 3-2: Foul Ball, location: 2F 3-2: Base on Balls
|
Batting: LHB Eb MacDonald
|
0-0: Called Strike 0-1: Foul Ball, location: 2F 0-2: Ball 1-2: Ball 2-2: Foul Ball, location: 2F 2-2: Fly out, F8 (Flyball, 8RD, EV 90.6 MPH)
|
Batting: RHB Felix Estrada
|
0-0: Ball 1-0: Fly out, F6 (Flyball, 56D, EV 83.8 MPH)
|
Batting: RHB Ronald Lee
|
0-0: Ball 1-0: Ground out 4-3 (Groundball, 34, EV 108.8 MPH)
|
Bottom of the 5th over - 0 runs, 0 hits, 0 errors, 1 left on base; Kinston 7 - Lynchburg 0 |
TOP OF THE 6TH |
Kinston Eagles batting - Pitching for Lynchburg Hillcats : RHP Sheldon Andrews
|
Batting: RHB Juan Perez
|
0-0: Called Strike 0-1: Ground out 6-3 (Groundball, 6, EV 90.0 MPH)
|
Batting: RHB Igor Roosendaal
|
0-0: Fly out, F3 (Popup, 34, EV 64.4 MPH)
|
Batting: RHB Guadalupe Garcia
|
0-0: Foul Ball, location: 2F 0-1: Ground out 4-3 (Groundball, 4S, EV 70.0 MPH)
|
Top of the 6th over - 0 runs, 0 hits, 0 errors, 0 left on base; Kinston 7 - Lynchburg 0 |
BOTTOM OF THE 6TH |
Lynchburg Hillcats batting - Pitching for Kinston Eagles : RHP Jim Adamczak
|
Batting: RHB Russ Quetti
|
0-0: Ball 1-0: Ball 2-0: SINGLE (Groundball, 3D, EV 106.3 MPH)
|
Batting: RHB William Lajoie
|
0-0: Foul Ball, location: 2F 0-1: Foul Ball, location: 2F 0-2: Strikes out swinging
|
Batting: RHB Richard Witt
|
0-0: Called Strike 0-1: Ball 1-1: SINGLE (Groundball, 6MD, EV 101.3 MPH) Russ Quetti to second
|
Batting: RHB Kenneth Tillman
|
0-0: Called Strike 0-1: Foul Ball, location: 2F 0-2: Foul Ball, location: 2F 0-2: Fielders Choice at 2nd, 3-6 (Groundball, 34S, EV 88.1 MPH) Russ Quetti to third
|
Batting: LHB Harold Warner
|
0-0: Ball 1-0: Ball Kenneth Tillman steals 2nd base (no throw) 2-0: Foul Ball, location: 2F 2-1: Foul Ball, location: 2F 2-2: Strikes out swinging
|
Bottom of the 6th over - 0 runs, 2 hits, 0 errors, 2 left on base; Kinston 7 - Lynchburg 0 |
TOP OF THE 7TH |
Kinston Eagles batting - Pitching for Lynchburg Hillcats : RHP Sheldon Andrews
|
Batting: RHB Joseph Williams
|
0-0: Ball 1-0: Called Strike 1-1: Ball 2-1: Ball 3-1: Ground out 6-3 (Groundball, 6, EV 91.3 MPH)
|
Pinch Hitting: RHB Jose Valdez
|
0-0: Ball 1-0: SINGLE (Flyball, 8LS, EV 88.1 MPH)
|
Pinch Hitting: RHB William Stone
|
0-0: Ball 1-0: Ground out 6-3 (Groundball, 6, EV 82.5 MPH) Jose Valdez to second
|
Batting: LHB Eric Peyton
|
0-0: Called Strike 0-1: Ball 1-1: Foul Ball, location: 2F 1-2: Foul Ball, location: 2F 1-2: SINGLE (Groundball, 4MS, EV 65.6 MPH) (infield hit) Jose Valdez to third
|
Pinch Hitting: RHB Francisco Guerra
|
0-0: Ball 1-0: SINGLE (Groundball, 56D, EV 105.0 MPH) Jose Valdez scores Eric Peyton to second
|
Batting: RHB Wil Culmer
|
0-0: Ball 1-0: Fielders Choice at 2nd, 6-4 (Groundball, 6, EV 105.0 MPH)
|
Top of the 7th over - 1 run, 3 hits, 0 errors, 2 left on base; Kinston 8 - Lynchburg 0 |
BOTTOM OF THE 7TH |
Lynchburg Hillcats batting - Pitching for Kinston Eagles : RHP Jim Adamczak
|
Now at 1B: Butch Davis
|
|
Now at 2B: William Stone
|
|
Now in CF: Jose Valdez
|
|
Batting: RHB Frederic Wade
|
0-0: Called Strike 0-1: Ball 1-1: Foul Ball, location: 2F 1-2: Ball 2-2: Ball 3-2: Ground out 6-3 (Groundball, 6, EV 91.9 MPH)
|
Batting: LHB Eb MacDonald
|
0-0: Foul Ball, location: 2F 0-1: Ball 1-1: Ball 2-1: Fly out, F7 (Flyball, 78XD, EV 106.3 MPH)
|
Batting: RHB Felix Estrada
|
0-0: Foul Ball, location: 2F 0-1: Called Strike 0-2: Foul Ball, location: 2F 0-2: Fly out, F8 (Flyball, 8LM, EV 81.3 MPH)
|
Bottom of the 7th over - 0 runs, 0 hits, 0 errors, 0 left on base; Kinston 8 - Lynchburg 0 |
TOP OF THE 8TH |
Kinston Eagles batting - Pitching for Lynchburg Hillcats : RHP Sheldon Andrews
|
Batting: RHB Juan Perez
|
0-0: SINGLE (Line Drive, 6D, EV 103.1 MPH)
|
Batting: RHB Igor Roosendaal
|
0-0: Called Strike 0-1: Ball 1-1: Ball 2-1: Ball 3-1: Foul Ball, location: 2F 3-2: Grounds into double play, 4-6-3 (Groundball, 4, EV 85.6 MPH)
|
Batting: RHB Guadalupe Garcia
|
0-0: Ball 1-0: Ball 2-0: Ball 3-0: Called Strike 3-1: Ground out 3-1 (Groundball, 13, EV 88.8 MPH)
|
Top of the 8th over - 0 runs, 1 hit, 0 errors, 0 left on base; Kinston 8 - Lynchburg 0 |
BOTTOM OF THE 8TH |
Lynchburg Hillcats batting - Pitching for Kinston Eagles : RHP Jim Adamczak
|
Batting: RHB Ronald Lee
|
0-0: SINGLE (Groundball, 6MD, EV 96.3 MPH)
|
Batting: RHB Russ Quetti
|
0-0: Ball 1-0: Fly out, F9 (Flyball, 9LM, EV 97.5 MPH)
|
Batting: RHB William Lajoie
|
0-0: Fly out, F8 (Line Drive, 8RD, EV 90.0 MPH)
|
Batting: RHB Richard Witt
|
0-0: Called Strike 0-1: Fly out, F9 (Flyball, 9D, EV 71.3 MPH)
|
Bottom of the 8th over - 0 runs, 1 hit, 0 errors, 1 left on base; Kinston 8 - Lynchburg 0 |
TOP OF THE 9TH |
Kinston Eagles batting - Pitching for Lynchburg Hillcats : RHP Sheldon Andrews
|
Batting: RHB Joseph Williams
|
0-0: Ball 1-0: Ball 2-0: Foul Ball, location: 2F 2-1: Called Strike 2-2: Strikes out swinging
|
Batting: RHB Jose Valdez
|
0-0: Foul Ball, location: 2F 0-1: Fly out, F7 (Flyball, 78D, EV 101.9 MPH)
|
Batting: RHB William Stone
|
0-0: Called Strike 0-1: Swinging Strike 0-2: Strikes out swinging
|
Top of the 9th over - 0 runs, 0 hits, 0 errors, 0 left on base; Kinston 8 - Lynchburg 0 |
BOTTOM OF THE 9TH |
Lynchburg Hillcats batting - Pitching for Kinston Eagles : RHP Jim Adamczak
|
Batting: RHB Kenneth Tillman
|
0-0: Ground out U3 (Groundball, 3, EV 103.8 MPH)
|
Batting: LHB Harold Warner
|
0-0: SINGLE (Groundball, 34D, EV 96.9 MPH)
|
Batting: RHB Frederic Wade
|
0-0: Ball 1-0: Called Strike 1-1: Ball 2-1: Ball 3-1: Base on Balls Harold Warner to second
|
Pinch Hitting: RHB Everett Rey
|
0-0: Ball 1-0: Called Strike 1-1: Fly out, F8 (Flyball, 78M, EV 81.3 MPH)
|
Batting: RHB Felix Estrada
|
0-0: Called Strike 0-1: Foul Ball, location: 2F 0-2: Ball 1-2: Ball 2-2: Strikes out swinging
|
Bottom of the 9th over - 0 runs, 1 hit, 0 errors, 2 left on base; Kinston 8 - Lynchburg 0 |
|